Map: Apotheosis LE

Players

Nickos - Winner!

  • Race: Terran Terran
  • League: Gold

coward

  • Race: Zerg Zerg
  • League: Gold

VOD

Have the link to the VOD?

Description

Time

  • Played on: Sept. 21, 2016, 8:22 a.m.
  • Length: 12:26
Show
View Real Time Build Order
Export as new Build Order

Nickos Terran - Winner!

Build Orders: MMM Bio 

Get SALT Encoding   

  12  0:01  SCV  
  13  0:13  SCV  
  14  0:17  Supply Depot  
  14  0:25  SCV  
  15  0:39  SCV  
  15  0:40  Barracks  
  16  0:51  SCV  
  17  1:03  SCV  
  18  1:15  SCV  
  19  1:22  Command Center  
  19  1:32  Orbital Command  
  19  1:34  Marine  
  20  1:45  Barracks  
  20  1:55  Marine  
  20  2:00  SCV  
  22  2:10  Supply Depot  
  22  2:12  SCV  
  22  2:15  Barracks  
  23  2:31  SCV, Marine  
  23  2:33  Refinery, Marine  
  23  2:35  Refinery  
  26  2:37  Orbital Command  
  26  2:43  SCV  
  27  2:46  Bunker  
  27  2:55  SCV  
  28  2:58  Marine  
  28  3:03  Barracks Tech Lab  
  29  3:07  SCV  
  29  3:08  SCV  
  29  3:12  Barracks Reactor  
  31  3:19  SCV  
  32  3:20  SCV  
  33  3:27  Barracks Reactor  
  33  3:31  SCV  
  33  3:32  SCV  
  35  3:39  Stimpack  
  35  3:40  Supply Depot  
  35  3:43  SCV  
  35  3:44  SCV  
  37  3:48  Marine  
  37  3:49  Marine  
  37  3:50  Marauder  
  41  3:56  SCV x2  
  41  4:00  Supply Depot  
  43  4:03  Factory  
  43  4:08  SCV x2  
  45  4:11  Marine  
  45  4:12  Marine x4  
  49  4:18  Supply Depot  
  49  4:20  SCV x2  
  51  4:29  Barracks, Marine  
  52  4:32  Marine x3, SCV x2  
  52  4:33  Marauder  
  59  4:44  SCV x2  
  61  4:53  Marine x2  
  61  4:54  Marine  
  61  4:55  Factory Reactor  
  61  4:56  SCV x2  
  66  5:00  Starport  
  66  5:08  Supply Depot, SCV  
  66  5:09  Command Center  
  66  5:12  Supply Depot, SCV  
  68  5:20  SCV, Marine  
  70  5:21  Barracks Reactor  
  70  5:30  SCV, Marauder, Marine x3  
  70  5:31  Supply Depot  
  70  5:32  SCV  
  77  5:42  SCV  
  78  5:48  SCV  
  79  5:50  Combat Shields  
  79  5:54  Supply Depot, SCV  
  79  5:56  Supply Depot  
  80  5:58  Marine x3  
  80  5:59  Marine x4  
  87  6:07  Medivac  
  87  6:08  Medivac  
  91  6:12  Engineering Bay  
  91  6:14  Engineering Bay, Supply Depot  
  79  6:33  Marine x2  
  79  6:34  Marine x4  
  79  6:35  Marine  
  77  6:44  Medivac x2  
  73  6:51  Marine x3  
  73  6:52  Marine x4  
  66  7:02  SCV x2  
  68  7:09  Marine x3  
  68  7:10  Marine x4  
  68  7:14  Medivac  
  77  7:27  SCV, Marine x4  
  77  7:28  Marine x3  
  85  7:44  Marine  
  85  7:45  Marine x2  
  86  7:54  Marine x3  
  89  8:00  Medivac x2  
  89  8:01  Marine  
  89  8:02  Marine x2  
  92  8:12  Marine  
  88  8:14  Marine x2  
  88  8:19  Marine  
  90  8:24  Marine  
  91  8:35  Marine, SCV x2  
  91  8:36  Marine x2  
  96  8:47  SCV  
  95  8:50  Marine  
  95  8:51  Marine x2  
  95  8:53  Marine  
  95  8:54  Marine x2  
  98  9:08  Marine x2  
  98  9:09  Marine  
  101  9:11  Marine  
  101  9:12  Liberator, Marine x2  
  102  9:26  Marine x3  
  102  9:29  Marine x2  
  110  9:42  Command Center  
  110  9:55  Marine  
  110  9:58  Marine  
  110  10:06  SCV  
  110  10:07  Marine  
  110  10:08  Marine  
  110  10:10  Marine  
  110  10:12  Marine  
  110  10:29  Marine  
  110  10:30  Marine  
  110  10:32  Marine  
  110  10:35  Marine  
  110  10:36  Marine  
  110  10:38  Marine  
  100  10:46  Marine  
  100  10:48  Marine  
  100  10:49  Marine  
  97  10:53  Marine  
  97  10:55  SCV x2  
  101  11:07  Marine, SCV  
  101  11:08  Marine x3  
  97  11:35  Marine  
  97  11:36  Reaper  
  77  11:48  Marine x3  
  77  11:52  SCV x2  
  77  11:53  Marine  
  71  12:04  SCV x2  
  71  12:06  Marine x2  
Show
View Real Time Build Order
Export as new Build Order

coward Zerg 

Build Orders: Hatch First, Roach Nydus 

Get SALT Encoding   

  12  0:01  Drone  
  13  0:13  Overlord  
  13  0:17  Drone  
  14  0:32  Drone  
  14  0:35  Drone  
  16  0:54  Drone  
  16  0:56  Hatchery  
  16  0:57  Drone  
  16  1:00  Drone  
  18  1:07  Overlord  
  18  1:24  Drone, Spawning Pool  
  18  1:31  Drone  
  19  1:35  Extractor  
  19  1:39  Drone  
  19  1:54  Drone  
  20  2:03  Drone  
  21  2:10  Queen  
  21  2:12  Queen  
  25  2:18  Roach Warren  
  25  2:21  Drone  
  25  2:23  Drone  
  25  2:28  Drone  
  27  2:32  Drone  
  28  2:43  Drone x2  
  30  2:46  Queen  
  32  2:55  Drone  
  32  2:56  Drone x2  
  35  3:10  Overlord x2  
  35  3:16  Lair  
  35  3:17  Overlord  
  35  3:19  Overlord  
  35  3:26  Overlord  
  35  3:28  Queen, Drone x2  
  39  3:42  Drone x2  
  39  3:46  Roach x3  
  47  3:49  Extractor  
  47  3:50  Extractor  
  47  3:52  Extractor  
  44  4:19  Drone x3  
  47  4:29  Drone x2  
  47  4:30  Drone  
  50  4:39  Nydus Network  
  50  4:40  Roach x2  
  50  4:42  Drone x2  
  50  4:45  Queen  
  57  4:47  Overlord x4  
  57  4:48  Queen  
  59  4:56  Roach x2  
  63  5:08  Roach  
  65  5:19  Roach x5  
  65  5:21  Queen  
  77  5:24  Queen, Nydus Canal  
  79  5:29  Roach x2  
  83  5:37  Roach x2  
  87  5:48  Nydus Canal  
  87  6:02  Nydus Canal  
  69  6:55  Roach x3  
  69  6:56  Roach x3  
  69  6:58  Roach x3  
  77  7:01  Queen  
  77  7:03  Queen  
  75  7:20  Roach  
  75  7:21  Roach  
  75  7:22  Roach  
  79  7:30  Nydus Canal  
  79  7:37  Queen  
  79  7:38  Queen  
  83  8:02  Roach x2  
  83  8:03  Roach  
  71  8:27  Nydus Canal  
  71  8:31  Queen  
  71  8:34  Queen  
  73  8:36  Roach x3  
  77  9:01  Glial Reconstitution  
  77  9:03  Roach x2  
  77  9:04  Roach  
  77  9:06  Queen  
  77  9:09  Queen  
  87  9:17  Nydus Canal  
  87  9:21  Hatchery, Roach  
  88  9:27  Ravager x2  
  88  9:28  Ravager  
  91  9:31  Nydus Canal  
  91  9:36  Roach x3  
  97  9:46  Nydus Canal  
  85  10:17  Roach x3  
  85  10:20  Overlord  
  85  10:21  Overlord x2  
  66  10:45  Nydus Canal  
  66  10:49  Roach x2  
  70  11:05  Nydus Canal  
  53  11:44  Nydus Canal  
  45  11:52  Roach x2  
  45  11:53  Roach  
  49  11:54  Roach x2  
  49  11:55  Roach  
  49  11:58  Nydus Canal  
Tags
 
Composition
MMM Bio
League
GoldGold
Matchup
TvZ
Replay Pack
Nickos replay
Strategy
Roach Nydus
Add a new tag
Caveats
  • Supply blocks, unpowered buildings, or Contaminate may cause inaccurate times.
  • Supply counts are checked every 10 seconds.